 Dungeon Crawl Stone Soup version 0.30.0 (webtiles) character file.

Game seed: 11111480417454047349

12857 steven32 the Grappler (level 11, -4/115 HPs)
             Began as a Troll Monk on May 9, 2023.
             Was a High Priest of Okawaru.
             Slain by Snorg (17 damage)
             ... on level 11 of the Dungeon.
             The game lasted 00:17:09 (12785 turns).

steven32 the Grappler (Troll Monk)                 Turns: 12785, Time: 00:17:10

Health: -4/115     AC: 10    Str: 25    XL:     11   Next: 68%
Magic:  18/25      EV: 12    Int:  6    God:    Okawaru [*****.]
Gold:   683        SH:  0    Dex: 12    Spells: 10/10 levels left

rFire   . .          .
                       - Unarmed
rCold   . . .        (no shield)
rNeg    . . .        a - +0 robe
rPois   .            s - +2 hat
rElec   .            z - scarf of the Blessed Realm {+Inv, Drain Regen+ MP+9 Stlth+}
rCorr   .            (gloves unavailable)
SInv    .            (boots unavailable)
Will    .....        e - amulet of faith
Stlth   ++++         w - +4 ring of slaying
HPRegen 1.99/turn    M - +4 ring of protection
MPRegen 0.19/turn

%: faith
@: weak-willed, heroic, finesse-ful
A: large, unfitting armour, claws 3, regeneration 1, shaggy fur 1, tough skin 1
a: Renounce Religion, Evoke Invisibility, Heroism, Finesse, Duel


You were on level 11 of the Dungeon.
You worshipped Okawaru.
Okawaru was extremely pleased with you.
You visited 2 branches of the dungeon, and saw 12 of its levels.

You collected 683 gold pieces.

Inventory:

Missiles
 v - a throwing net
 A - 70 stones (quivered)
 G - 5 javelins
 N - 17 large rocks
 T - 2 boomerangs
Armour
 a - a +0 robe (worn)
 c - an orb of light
 s - a +2 hat (worn)
 z - the scarf of the Blessed Realm (worn) {+Inv, Drain Regen+ MP+9 Stlth+}
   (Okawaru gifted it to you on level 10 of the Dungeon)

   MP:        It affects your magic capacity (+9).
   Regen:     It increases your rate of health regeneration.
   Drain:     It drains your maximum health when unequipped.
   Stlth:     It makes you more stealthy.
Jewellery
 e - an amulet of faith (around neck)
 o - a ring of ice
 w - a +4 ring of slaying (left claw)
 y - an amulet of regeneration
 D - a ring of fire
 M - a +4 ring of protection (right claw)
 Q - an amulet of guardian spirit
Wands
 i - a wand of charming (6)
 H - a wand of mindburst (25)
 L - a wand of roots (11)
 O - a wand of polymorph (2)
 S - a wand of digging (5)
Scrolls
 g - a scroll of brand weapon
 h - 6 scrolls of teleportation
 j - 3 scrolls of magic mapping
 k - 2 scrolls of silence {unknown}
 l - 2 scrolls of poison
 n - 5 scrolls of enchant armour
 q - 2 scrolls of fear {unknown}
 B - 3 scrolls of vulnerability
 C - a scroll of blinking {unknown}
 J - a scroll of fog {unknown}
 R - a scroll of immolation {unknown}
Potions
 b - 2 potions of ambrosia
 d - a potion of heal wounds
 f - a potion of experience {unknown}
 m - 2 potions of attraction
 p - a potion of resistance {unknown}
 r - 5 potions of curing
 t - a potion of mutation {unknown}
 u - 2 potions of magic {unknown}
 x - a potion of flight {unknown}
 F - 2 potions of cancellation {unknown}
 I - 3 potions of lignification {unknown}
 K - 2 potions of might {unknown}
 P - a potion of degeneration {unknown}
Miscellaneous
 E - a tin of tremorstones (2/2)


   Skills:
 - Level 9.0(14.0) Fighting
 - Level 8.0(13.0) Throwing
 + Level 2.4(7.4) Dodging
 - Level 10.7(15.7) Unarmed Combat
 - Level 8.0 Invocations


You had 10 spell levels left.
You didn't know any spells.
Your spell library contained the following spells:

 Spells                   Type           Power      Damage    Failure   Level
 Dazzling Flash           Conj/Hex       0%         N/A       83%         3
 Volatile Blastmotes      Fire/Tloc      0%         2d10      83%         3
 Iskenderun's Mystic Bla  Conj/Tloc      0%         2d3       99%         4
 Agony                    Necr           0%         N/A       100%        5
 Silence                  Hex/Air        0%         N/A       100%        5
 Starburst                Conj/Fire      0%         6d3       100%        6
 Orb of Destruction       Conj           0%         9d5       100%        7
 Summon Guardian Golem    Hex/Summ       Unusable   N/A       N/A         3
 Spellforged Servitor     Conj/Summ      Unusable   N/A       N/A         7

Dungeon Overview and Level Annotations

Branches:
Dungeon (11/15) Zot: 25905  Temple (1/1) D:7 Zot: 5974    Lair (0/5) D:9
    Orc: D:9-12

Altars:
Ashenzari
Cheibriados
Dithmenos
Elyvilon
Fedhas
Gozag
Hepliaklqana
Kikubaaqudgha
Makhleb
Nemelex Xobeh
Okawaru
Qazlal
Ru
Sif Muna
Trog
Uskayaw
Vehumet
Wu Jian
Xom
Yredelemnul
Zin
The Shining One

Annotations:
D:9 3 runed translucent doors, exclusions: ice statue and obsidian statue, tchen's ghost, novice DjAE
D:10 1 runed translucent door
D:11 Snorg


Innate Abilities, Weirdness & Mutations

You are too large for most types of armour.
You have claws for hands.
Your natural rate of healing is unusually fast.
You are covered in fur. (AC +1)
You have tough skin. (AC +1)


Message History

h - 5 scrolls of teleportation
As you read the scroll of identify, it crumbles to dust.
n - 5 scrolls of enchant armour
As you read the scroll of identify, it crumbles to dust.
B - 4 scrolls of vulnerability
As you read the scroll of identify, it crumbles to dust.
z - 3 scrolls of noise You drop 3 scrolls of noise.
Could not explore, unopened runed door.
(D) Dungeon (T) Temple (L) Lair
Where to? (Enter - D:9, ? - help) Tchen's ghost boasts, "I have defeated monsters you have never seen."
The white imp shouts, "Quit, thou puny elf-skinned clam!"
The white imp shouts, "Get thee gone, thou currish beetle-headed clotpole!"
There is a stone staircase leading down here.
You climb downwards.
There is a stone staircase leading up here.
The orc warrior shouts!
The two-headed ogre shouts in stereo!
Key pressed, stopping explore.
You open the door.
A two-headed ogre is nearby!
Throw: 83 stones
Press: ? - help, Q - select action, (/) - cycle Shift-Dir - straight line, f - two-headed ogre
Aim: a two-headed ogre, wielding two +0 giant clubs (79% to hit)
You throw a stone. The stone hits the two-headed ogre.
The two-headed ogre is lightly wounded.
Throw: 82 stones
Press: ? - help, Q - select action, (/) - cycle Shift-Dir - straight line, f/p - two-headed ogre
Aim: a two-headed ogre, wielding two +0 giant clubs (lightly wounded, 79% to hit)
You throw a stone. The stone hits the two-headed ogre.
The two-headed ogre is lightly wounded.
Throw: 81 stones
Press: ? - help, Q - select action, (/) - cycle Shift-Dir - straight line, f/p - two-headed ogre
Aim: a two-headed ogre, wielding two +0 giant clubs (lightly wounded, 79% to hit)
You throw a stone. The stone hits the two-headed ogre.
The two-headed ogre is lightly wounded.
You mangle the two-headed ogre!!
The two-headed ogre is severely wounded.
You mangle the two-headed ogre!!
You kill the two-headed ogre!
Okawaru is honoured by your kill.
You can now enter into single combat with a foe.
Okawaru will now gift you equipment as you gain piety.
Okawaru grants you armour! Something appears at your feet!
You see here the scarf of the Blessed Realm {+Inv, Drain Regen+ MP+9 Stlth+}.
Your life force feels restored.
Training target 8.0 for Invocations reached!
Your Invocations skill increases to level 8!
You need to enable at least one skill for training.
Your Throwing skill increases to level 2!
z - the scarf of the Blessed Realm {+Inv, Drain Regen+ MP+9 Stlth+}
There is an open door, spattered with blood here.
Things that are here:
a +0 giant club; a +0 giant club You regained 2 hp, and now have 103/104 hp.
The orc warrior closely misses you.
Health restored: 104 You scratch the orc warrior but do no damage.
The orc warrior hits you but does no damage.
You closely miss the orc warrior. The orc warrior barely misses you.
You closely miss the orc warrior.
The orc warrior hits you with a +0 halberd!
You take 12 damage, and have 92/104 hp.
You mangle the orc warrior!!
The orc warrior is severely wounded.
You claw the orc warrior!
The orc warrior is almost dead.
The orc warrior hits you with a +0 halberd!
You take 14 damage, and have 79/104 hp.
MP restored: 15 You mangle the orc warrior!!
You kill the orc warrior!
Okawaru accepts your kill.
Your Throwing skill increases to level 3!
No target in view!
Really wear
z - the scarf of the Blessed Realm {+Inv, Drain Regen+ MP+9 Stlth+}?
You start putting on your armour.
You continue putting on the scarf of the Blessed Realm {+Inv, Drain Regen+ MP+9 Stlth+}. x4
You finish putting on the scarf of the Blessed Realm {+Inv, Drain Regen+ MP+9 Stlth+}.
You become transparent for a moment.
The scarf of the Blessed Realm cannot attune itself to your injured body.
You regained 6 hp, and now have 86/104 hp.
You start resting.
HP restored.
Your scarf of the Blessed Realm attunes itself to your body as you begin to regenerate more quickly.
Health restored: 104 You regained 2 mp, and now have 17/24 mp.
You start resting.
Magic restored.
MP restored: 24
Things that are here:
a +0 halberd; a +0 plate armour
Found a runed translucent door.
Things that are here:
a +0 halberd; a +0 plate armour
There is an open door, spattered with blood here.
Things that are here:
a +0 giant club; a +0 giant club You now have 526 gold pieces (gained 2).
Found a stone staircase leading down.
You open the door.
There is an open door here.
You open the door.
There is an open door here.
Found a short sword.
Found a ring mail.
You now have 545 gold pieces (gained 19).
Found a shadowy altar of Dithmenos.
J - a scroll of identify You open the door.
There is an open door here.
Found 2 boomerangs.
You open the door.
There is an open door here.
A yak comes into view.
You see here 2 boomerangs.
T - 2 boomerangs You open the door.
Found a stone staircase leading up.
There is an open door here. 4 yaks come into view.
The yak bellows! x2; You hear a bellow!
There are monsters nearby!
The yak bellows!
There is an open door here.
You mangle the yak!!
The yak is heavily wounded.
You mangle the yak!!
You kill the yak!
Okawaru accepts your kill.
You scratch the yak.
The yak is lightly wounded.
You barely miss the yak.
The yak is lightly wounded.
The yak gores you but does no damage. The yak gores you!
You take 14 damage, and have 90/104 hp.
You claw the yak!
The yak is heavily wounded.
The yak gores you but does no damage. The yak closely misses you.
The yak barely misses you.
You regained 2 hp, and now have 92/104 hp.
You mangle the yak!!
You kill the yak!
Okawaru accepts your kill. The yak gores you but does no damage.
You mangle the yak!!
The yak is severely wounded.
The yak gores you but does no damage. The yak gores you! x2
You take 17 damage, and have 76/104 hp.
You claw the yak!
The yak is almost dead.
The yak attacks as you move away! The yak gores you!
The yak attacks as you move away! The yak misses you.
There is an open door here.
You take 12 damage, and have 65/104 hp.
The yak attacks as you move away! The yak closely misses you.
You regained 2 hp, and now have 67/104 hp.
You claw the yak!
The yak is moderately wounded.
The yak gores you!
You take 10 damage, and have 57/104 hp.
You regained 2 hp, and now have 59/104 hp.
There is a stone staircase leading up here.
You regained 2 hp, and now have 61/104 hp.
The yak gores you!
You climb upwards.
Level annotation: 3 runed translucent doors, exclusions: ice statue and obsidian statue, tchen's ghost, novice DjAE
There is a stone staircase leading down here.
You take 2 damage, and have 59/104 hp.
You mangle the yak!!
You kill the yak!
Okawaru accepts your kill.
Your Throwing skill increases to level 4!
No target in view!
No target in view!
You start resting.
HP restored.
Health restored: 104 You start waiting.
You climb downwards.
Level annotation: 1 runed translucent door The yak gores you but does no damage.
The yak misses you.
There is a stone staircase leading up here.
You mangle the yak!!
The yak is heavily wounded.
You mangle the yak!!
You kill the yak!
Okawaru accepts your kill.
You barely miss the yak.
The yak is heavily wounded.
The yak gores you but does no damage.
You scratch the yak but do no damage.
The yak is heavily wounded.
The yak gores you.
You take 3 damage, and have 101/104 hp.
You scratch the yak.
The yak is severely wounded.
The yak gores you but does no damage.
You regained 2 hp, and now have 103/104 hp.
You scratch the yak.
The yak is almost dead.
Health restored: 104 You claw the yak!
You kill the yak!
Okawaru accepts your kill.
There is an open door, spattered with blood here.
You open the door.
There is an open door here.
Found a plate armour.
You now have 562 gold pieces (gained 17).
You open the door.
A wyvern comes into view.
The wyvern hisses angrily.
There is an open door here.
You mangle the wyvern!!
The wyvern is severely wounded.
The wyvern misses you.
You claw the wyvern!
You kill the wyvern!
Okawaru accepts your kill.
You have reached level 11!
Health restored: 111; MP restored: 25 You open the door.
You open the door.
Key pressed, stopping explore.
Found a robe.
There is an open door here.
No target in view!
Found a stone staircase leading up.
You open the door.
There is an open door here.
j - 3 scrolls labelled UQALU XEGUFOK (gained 1)
You now have 578 gold pieces (gained 16).
u - 2 smoky emerald potions (gained 1)
You open the door.
There is an open door here.
You open the door.
There is an open door here.
There is an open door here.
There is an open door here.
There is a stone staircase leading up here.
J - 2 scrolls of identify (gained 1)
You now have 590 gold pieces (gained 12).
You open the door.
Found a long sword.
As you read the scroll of identify, it crumbles to dust.
g - a scroll of brand weapon
As you read the scroll of identify, it crumbles to dust.
j - 3 scrolls of magic mapping
There is an open door here.
You open the door.
A vampire comes into view.
A vampire is nearby!
The vampire points at you and mumbles some strange words.
You are confused.
There is an open door here.
You are too confused!
Unknown command.
You bump into the stone wall.
There is an open door here.
You feel less confused.
The vampire hits you but does no damage.
The vampire bites you but does no damage.
You closely miss the vampire.
The vampire gestures wildly while chanting.
The vampire flickers and vanishes!
Deactivating autopickup; reactivate with Ctrl-A.
No target in view!
You mangle something!! You scratch something. Something hits you.
Something bites you!
Something draws strength from your injuries!
You take 13 damage, and have 98/111 hp.
Aiming: Fastroot
Press: ? - help, Shift-Dir - straight line The roots erupt in riotous growth!
Something hits you! Something bites you!
Something draws strength from your injuries!
You take 15 damage, and have 83/111 hp.
You claw something! Okawaru accepts your kill.
Reactivating autopickup.
You feel a bit more experienced.
You regained 2 hp, and now have 85/111 hp.
You start resting.
A wraith comes into view.
You regained 15 hp, and now have 100/111 hp.
A wraith is nearby!
A wraith is nearby!
The wraith hits you! The wraith drains your vigour!
You feel yourself slow down.
There is an open door, spattered with blood here.
You take 7 damage, and have 93/111 hp.
You barely miss the wraith. You claw the wraith.
The wraith is lightly damaged.
The wraith hits you.
You take 3 damage, and have 90/111 hp.
You mangle the wraith!!
You destroy the wraith!
Okawaru accepts your kill.
Your Throwing skill increases to level 5!
You regained 2 hp, and now have 92/111 hp.
HP restored.
You feel yourself speed up.
Found a stone staircase leading down.
Health restored: 111 You now have 609 gold pieces (gained 19).
Found a robe.
Found a robe.
You open the door.
There is an open door here.
You open the door.
Found a stone staircase leading down.
A two-headed ogre comes into view.
It is wielding a +0 giant spiked club and a +0 giant club.
The two-headed ogre shouts in stereo!
A two-headed ogre is nearby!
Throw: 80 stones
Press: ? - help, Q - select action, (/) - cycle Shift-Dir - straight line, f - two-headed ogre
Aim: a two-headed ogre, wielding a +0 giant spiked club and a +0 giant club (80% to hit)
You throw a stone. The stone hits the two-headed ogre!
The two-headed ogre is lightly wounded.
Throw: 79 stones
Press: ? - help, Q - select action, (/) - cycle Shift-Dir - straight line, f/p - two-headed ogre
Aim: a two-headed ogre, wielding a +0 giant spiked club and a +0 giant club (lightly wounded, 80% to hit)
You throw a stone. The stone hits the two-headed ogre.
The two-headed ogre is lightly wounded.
Throw: 78 stones
Press: ? - help, Q - select action, (/) - cycle Shift-Dir - straight line, f/p - two-headed ogre
Aim: a two-headed ogre, wielding a +0 giant spiked club and a +0 giant club (lightly wounded, 80% to hit)
You throw a stone.
The stone barely misses the two-headed ogre.
You mangle the two-headed ogre!!
The two-headed ogre is severely wounded.
The two-headed ogre hits you with a +0 giant spiked club!!
The two-headed ogre hits you with a +0 giant club!!
You take 40 damage, and have 71/111 hp.
MASSIVE DAMAGE!!
You scratch the two-headed ogre.
The two-headed ogre is severely wounded.
You claw the two-headed ogre!
The two-headed ogre is almost dead.
The two-headed ogre hits you with a +0 giant spiked club!
The two-headed ogre hits you with a +0 giant club!
You take 19 damage, and have 53/111 hp.
You are too injured to fight recklessly!
You claw the two-headed ogre!
You kill the two-headed ogre!
Okawaru accepts your kill.
You regained 2 hp, and now have 55/111 hp.
There is an open door, spattered with blood here.
Things that are here:
a +0 giant spiked club; a +0 giant club Key pressed, stopping explore.
You open the large door.
There is a large open door here.
There is a stone staircase leading up here.
There is an open door, spattered with blood here.
Things that are here:
a +0 giant club; a +0 giant club
Things that are here:
a +0 plate armour; a +0 halberd The six-headed hydra roars!
The cyclops shouts!
There is a dry fountain here.
Found a club.
Health restored: 111
Found a coppery potion.
Found a robe.
There is a dry fountain here.
There is a dry fountain here.
There is a dry fountain here.
Could not explore, unopened runed door.
(D) Dungeon (T) Temple (L) Lair
Where to? (Enter - D:10, ? - help)
There is a dry fountain here.
There is a dry fountain here.
Things that are here:
a +0 plate armour; a +0 halberd
There is an open door, spattered with blood here.
Things that are here:
a +0 giant club; a +0 giant club
There is a stone staircase leading down here.
You climb downwards.
Found 4 poisoned darts.
There is a stone staircase leading up here.
There are monsters nearby!
The gargoyle hurls a stone arrow at you.
The stone arrow hits you!!
You climb upwards.
Level annotation: 1 runed translucent door
There is a stone staircase leading down here.
You take 26 damage, and have 85/111 hp.
MASSIVE DAMAGE!!
You claw the gargoyle!
The gargoyle is moderately damaged.
You regained 2 hp, and now have 87/111 hp.
You mangle the gargoyle!!
You destroy the gargoyle!
Okawaru accepts your kill.
You regained 2 hp, and now have 89/111 hp.
You start resting.
HP restored.
Health restored: 111 You start waiting.
You climb downwards.
The yak bellows!
You hear a bellow!
A yak comes into view.
The yak gores you but does no damage.
There is a stone staircase leading up, spattered with blood here.
You mangle the yak!!
The yak is heavily wounded.
The yak gores you but does no damage.
You barely miss the yak.
The yak is heavily wounded.
The yak gores you but does no damage.
You claw the yak!
The yak is almost dead.
You scratch the yak.
You kill the yak!
Okawaru accepts your kill.
Your Throwing skill increases to level 6!
Found 22 gold pieces.
The yak gores you! The yak gores you but does no damage.
You take 9 damage, and have 102/111 hp.
The yak attacks as you move away! The yak gores you but does no damage.
There is a stone staircase leading up, spattered with blood here.
You regained 2 hp, and now have 104/111 hp.
The yak gores you! The yak gores you but does no damage.
You climb upwards.
Level annotation: 1 runed translucent door
There is a stone staircase leading down here.
You take 5 damage, and have 99/111 hp.
You barely miss the yak. The yak gores you. The yak closely misses you.
You take 1 damage, and have 98/111 hp.
You claw the yak!
The yak is moderately wounded.
The yak barely misses you. The yak gores you.
You take 1 damage, and have 97/111 hp.
You scratch the yak.
The yak is heavily wounded.
The yak gores you but does no damage. x2
You claw the yak!
The yak is severely wounded.
You regained 2 hp, and now have 100/111 hp.
You mangle the yak!!
You kill the yak!
Okawaru accepts your kill. The yak gores you.
You take 2 damage, and have 98/111 hp.
You barely miss the yak. You claw the yak!
The yak is moderately wounded.
The yak barely misses you.
You regained 2 hp, and now have 100/111 hp.
You mangle the yak!!
You kill the yak!
Okawaru accepts your kill.
No target in view!
You start resting.
HP restored.
Health restored: 111 You climb downwards.
The yak gores you! The yak gores you but does no damage.
There is a stone staircase leading up, spattered with blood here.
You take 10 damage, and have 101/111 hp.
You mangle the yak!!
The yak is severely wounded.
The yak gores you but does no damage.
You regained 2 hp, and now have 103/111 hp.
You barely miss the yak.
The yak is severely wounded.
You claw the yak!
You kill the yak!
Okawaru accepts your kill.
You regained 2 hp, and now have 106/111 hp.
No target in view!
HP restored.
You now have 631 gold pieces (gained 22).
You open the door.
There is an open door here.
Key pressed, stopping explore.
K - 2 murky orange potions (gained 1)
Found an escape hatch in the floor.
Health restored: 111
There is a strange disturbance nearby!
There is a strange disturbance nearby!
Deactivating autopickup; reactivate with Ctrl-A.
You mangle something!! Something hits you.
You take 5 damage, and have 106/111 hp.
Something hits you.
You take 1 damage, and have 105/111 hp.
Something hits you but does no damage.
You regained 2 hp, and now have 107/111 hp.
You mangle something!! Okawaru accepts your kill.
Reactivating autopickup.
You feel a bit more experienced.
You open the door.
There is an open door here.
You open the door.
There is an open door here.
Found a stone staircase leading up.
Health restored: 111 An acid dragon comes into view.
The helpless acid dragon fails to defend itself.
You mangle the acid dragon!!
The acid dragon is severely wounded.
The acid dragon spits acid at you. The splash of acid hits you!
The acid corrodes you!
You take 17 damage, and have 94/111 hp.
You claw the acid dragon!
You kill the acid dragon!
Okawaru accepts your kill.
You regained 2 hp, and now have 96/111 hp.
You are no longer corroded.
Found 6 poisoned darts.
Health restored: 111 You open the door.
Found an escape hatch in the ceiling.
You open the door.
A manticore comes into view.
Found a runed hat.
There is an open door here.
The helpless manticore fails to defend itself.
You claw the manticore! You claw the manticore!!
The manticore is severely wounded.
The manticore bites you! The manticore barely misses you.
The manticore claws you.
You take 16 damage, and have 95/111 hp.
You claw the manticore!
The manticore is severely wounded.
The manticore bites you!
The manticore claws you but does no damage.
The manticore claws you!
You take 19 damage, and have 76/111 hp.
You mangle the manticore!!
You kill the manticore!
Okawaru accepts your kill.
Your Throwing skill increases to level 7!
You regained 2 hp, and now have 78/111 hp.
You start resting.
HP restored.
Health restored: 111 You start waiting.
J - a +1 hat You start putting on your armour.
You continue putting on your +2 hat. x4
You finish putting on your +2 hat.
You drop a +1 hat.
You open the door.
A manticore comes into view.
A manticore is nearby!
The manticore flicks its tail.
The volley of spikes hits you.
The barbed spikes become lodged in your body.
There is an open door here.
You take 5 damage, and have 106/111 hp.
The barbs in your skin will harm you if you move.
Continue?
Okay, then.
The barbs in your skin will harm you if you move.
Continue?
The barbed spikes dig painfully into your body as you move.
You take 5 damage, and have 101/111 hp.
You close the door.
You regained 2 hp, and now have 103/111 hp.
You start resting.
You carefully extract the barbed spikes from your body.
Health restored: 111 You start waiting.
Done waiting.
You open the door.
There is an open door here.
The manticore flicks its tail.
The volley of spikes hits you!
The barbed spikes become lodged in your body.
You take 7 damage, and have 104/111 hp.
The barbs in your skin will harm you if you move.
Continue?
The barbed spikes dig painfully into your body as you move.
The manticore bites you but does no damage.
The manticore claws you. x2
You take 13 damage, and have 91/111 hp.
You closely miss the manticore. The manticore bites you.
The manticore claws you but does no damage. x2
You take 3 damage, and have 88/111 hp.
You mangle the manticore!!
The manticore is heavily wounded.
You barely miss the manticore. You claw the manticore!!
The manticore is almost dead.
The manticore bites you but does no damage.
The manticore closely misses you. The manticore claws you!
You take 7 damage, and have 82/111 hp.
You mangle the manticore!!
You kill the manticore!
Okawaru accepts your kill.
You regained 2 hp, and now have 84/111 hp.
You start resting.
You carefully extract the barbed spikes from your body.
You regained 5 hp, and now have 89/111 hp.
You start resting.
HP restored.
Health restored: 111 You open the door.
There is an open door here.
You open the door.
There is an open door here.
You open the door.
There is an open door here.
Key pressed, stopping explore.
You open the door.
There is an open door here.
There is an open door here.
An electric eel comes into view.
Throw: 77 stones
Press: ? - help, Q - select action, (/) - cycle Shift-Dir - straight line, f - electric eel
Aim: an electric eel (water, asleep, 98% to hit)
You throw a stone. The stone hits the electric eel.
The electric eel is lightly wounded.
Throw: 76 stones
Press: ? - help, Q - select action, (/) - cycle Shift-Dir - straight line, f/p - electric eel
Aim: an electric eel (water, lightly wounded, 55% to hit)
You throw a stone.
The stone closely misses the electric eel.
Throw: 75 stones
Press: ? - help, Q - select action, (/) - cycle Shift-Dir - straight line, f/p - electric eel
Aim: an electric eel (water, lightly wounded, 55% to hit)
You throw a stone.
The stone closely misses the electric eel.
Throw: 74 stones
Press: ? - help, Q - select action, (/) - cycle Shift-Dir - straight line, f/p - electric eel
Aim: an electric eel (water, lightly wounded, 55% to hit)
You throw a stone. The stone hits the electric eel!
The electric eel is heavily wounded.
The electric eel shoots out a bolt of lightning at you!
The bolt of electricity hits you!
You take 9 damage, and have 102/111 hp.
Throw: 73 stones
Press: ? - help, Q - select action, (/) - cycle Shift-Dir - straight line, f/p - electric eel
Aim: an electric eel (water, heavily wounded, 55% to hit)
You throw a stone. The stone hits the electric eel.
The electric eel is severely wounded.
Throw: 72 stones
Press: ? - help, Q - select action, (/) - cycle Shift-Dir - straight line, f/p - electric eel
Aim: an electric eel (water, severely wounded, 55% to hit)
You throw a stone. The stone hits the electric eel.
The electric eel is almost dead.
You regained 2 hp, and now have 105/111 hp.
Throw: 71 stones
Press: ? - help, Q - select action, (/) - cycle Shift-Dir - straight line, f/p - electric eel
Aim: an electric eel (water, almost dead, 55% to hit)
You throw a stone. The stone hits the electric eel!
You kill the electric eel!
Okawaru accepts your kill.
A water elemental comes into view.
Health restored: 111 A water elemental is nearby!
Search for what [Enter for "throw", or ? for help]? shield Unknown command.
The water elemental barely misses you.
You claw the water elemental!
The water elemental is moderately damaged.
The water elemental hits you!
The water elemental engulfs you in water!
You take 9 damage, and have 102/111 hp.
You scratch the water elemental.
The water elemental is moderately damaged.
Your lungs strain for air!
The water elemental closely misses you.
You take 2 damage, and have 100/111 hp.
You mangle the water elemental!!
You destroy the water elemental!
Okawaru accepts your kill. The water engulfing you falls away.
You gasp with relief as air once again reaches your lungs.
You regained 2 hp, and now have 102/111 hp.
No target in view!
You open the door. You open the door.
There is an open door here.
An electric eel comes into view.
Health restored: 111 An electric eel is nearby!
No reachable target in view!
The helpless electric eel fails to defend itself.
You eviscerate the electric eel!!!
You kill the electric eel!
Okawaru accepts your kill.
You hear a splash.
You open the door.
There is an open door here.
Found a stone staircase leading down.
There is a stone staircase leading down here.
Found a stone staircase leading up.
You now have 647 gold pieces (gained 16).
You open the door.
There is an open door here.
You open the door.
There is an open door here.
You now have 653 gold pieces (gained 6).
h - 6 scrolls of teleportation (gained 1)
You open the door.
There is an open door here.
Key pressed, stopping explore.
You open the door.
There is an open door here.
You open the door.
A kobold demonologist comes into view. It is wielding a +1 dagger of venom.
The kobold demonologist shouts!
The kobold demonologist casts a cantrip, but nothing happens.
You start waiting.
A kobold demonologist is nearby!
The kobold demonologist hits you but does no damage.
You are poisoned.
There is an open door here.
You claw the kobold demonologist! You claw the kobold demonologist!!
The kobold demonologist is severely wounded.
You feel sick.
The kobold demonologist gestures wildly while chanting.
You take 2 damage, and have 109/111 hp.
You scratch the kobold demonologist.
The kobold demonologist is almost dead.
You feel sick.
The kobold demonologist hits you with a +1 dagger of venom.
You are more poisoned.
You take 4 damage, and have 105/111 hp.
You barely miss the kobold demonologist.
The kobold demonologist is almost dead.
You feel very sick. The ufetubus closely misses you.
The ufetubus hits you but does no damage.
You take 2 damage, and have 103/111 hp.
You closely miss the kobold demonologist.
The kobold demonologist is almost dead.
You feel very sick.
The kobold demonologist hits you but does no damage.
The ufetubus barely misses you.
The ufetubus hits you but does no damage.
The white imp misses you.
You take 1 damage, and have 102/111 hp.
You mangle the kobold demonologist!!
You kill the kobold demonologist!
Okawaru accepts your kill.
The ufetubus disappears in a puff of smoke!
The white imp disappears in a puff of smoke!
You feel very sick.
You take 2 damage, and have 100/111 hp.
No target in view!
You feel very sick.
You feel sick.
You feel sick.
You feel sick.
You feel sick.
You feel sick.
You feel sick.
You feel sick.
You feel sick.
You are no longer poisoned.
HP restored.
Things that are here:
a +1 dagger of venom; a +0 robe; Health restored: 111 You open the door.
There is an open door here.
You open the door.
A cyclops comes into view.
A cyclops is nearby!
There is an open door here.
You mangle the cyclops!!
The cyclops is moderately wounded.
You scratch the cyclops. You claw the cyclops.
The cyclops is heavily wounded.
The cyclops closely misses you.
You mangle the cyclops!! You claw the cyclops.
You kill the cyclops!
Okawaru accepts your kill.
Training target 8.0 for Throwing reached!
Your Throwing skill increases to level 8!
You need to enable at least one skill for training.
N - 9 large rocks (gained 4)
An electric eel comes into view.
An electric eel is nearby!
The electric eel shoots out a bolt of lightning at you!
The bolt of electricity hits you!
You take 8 damage, and have 103/111 hp.
Found a scroll labelled ARUSAUQIPT.
You regained 2 hp, and now have 105/111 hp.
The electric eel shoots out a bolt of lightning at you!
The bolt of electricity hits you.
You take 4 damage, and have 101/111 hp.
You completely miss the electric eel.
The electric eel shoots out a bolt of lightning at you!
The bolt of electricity hits you!
You take 6 damage, and have 95/111 hp.
You claw the electric eel!
The electric eel is heavily wounded.
The electric eel shoots out a bolt of lightning at you!
The bolt of electricity hits you!
You take 12 damage, and have 83/111 hp.
You claw the electric eel!
You kill the electric eel!
Okawaru accepts your kill.
You regained 2 hp, and now have 85/111 hp.
No target in view!
H - a wand of mindburst (28) (gained 6 charges)
Found a dagger.
Health restored: 111
J - a scroll labelled ARUSAUQIPT You see here a +0 dagger.
You open the door.
There is an open door here.
You open the door.
There is an open door here.
You open the door.
There is an open door here.
q - 2 scrolls labelled BUGAEN GINENU (gained 1)
There is an open door here.
You open the door.
There is an open door here.
You open the door.
Found a stone staircase leading down.
There is an open door here.
You open the door.
A boulder beetle comes into view.
There is an open door here.
A boulder beetle is nearby!
You claw the boulder beetle!
The boulder beetle is lightly wounded.
The boulder beetle bites you.
You take 1 damage, and have 110/111 hp.
You claw the boulder beetle!
The boulder beetle is moderately wounded.
Health restored: 111 You scratch the boulder beetle but do no damage.
The boulder beetle is moderately wounded.
The boulder beetle bites you!
You take 17 damage, and have 94/111 hp.
You claw the boulder beetle!
The boulder beetle is heavily wounded.
The boulder beetle closely misses you.
You regained 2 hp, and now have 96/111 hp.
You mangle the boulder beetle!!
The boulder beetle is severely wounded.
The boulder beetle bites you.
You take 4 damage, and have 92/111 hp.
You claw the boulder beetle!
The boulder beetle is almost dead.
The boulder beetle bites you!
You take 13 damage, and have 79/111 hp.
You claw the boulder beetle!
You kill the boulder beetle!
Okawaru is honoured by your kill. Okawaru grants you throwing weapons!
Something appears at your feet!
You regained 3 hp, and now have 82/113 hp.
N - 12 large rocks (gained 3)
You regained 2 hp, and now have 84/113 hp.
You open the door.
There is an open door here.
Key pressed, stopping explore.
You open the door.
There is an open door here.
You now have 671 gold pieces (gained 18).
You open the door.
There is an open door here.
As you open the door, it creaks loudly!
Health restored: 113
There is an open door here.
You open the door.
There is an open door here.
There is an open door here.
You open the door.
There is an open door here.
Key pressed, stopping explore.
There is an open door here.
Things that are here:
a +1 dagger of venom; a +0 robe As you open the door, it creaks loudly!
There is an open door here.
You open the door.
There is an open door here.
You now have 683 gold pieces (gained 12).
A cyclops comes into view.
A cyclops is nearby!
The helpless cyclops fails to defend itself.
You mangle the cyclops!!
The cyclops is heavily wounded.
You mangle the cyclops!!
You kill the cyclops!
Okawaru accepts your kill.
No target in view!
N - 17 large rocks (gained 5)
You see here a cyclops corpse.
There is an open door here.
There is an open door here.
You open the door. 2 yaks come into view.
There are monsters nearby!
A yak comes into view.
The yak bellows! x3
The yak gores you! The yak gores you but does no damage.
There is an open door, spattered with blood here.
You take 7 damage, and have 106/113 hp.
You scratch the yak.
The yak is lightly wounded.
The yak gores you! The yak closely misses you.
You take 7 damage, and have 99/113 hp.
You barely miss the yak.
The yak is lightly wounded.
The yak gores you but does no damage. x2
You regained 2 hp, and now have 101/113 hp.
You claw the yak! Your claw misses the yak.
The yak is moderately wounded.
You barely miss the yak.
The yak is moderately wounded.
The yak gores you! The yak barely misses you.
You take 11 damage, and have 91/113 hp.
You scratch the yak.
The yak is heavily wounded.
The yak gores you but does no damage. The yak gores you.
You barely miss the yak. You claw the yak!!
The yak is almost dead.
The yak gores you! The yak gores you.
You take 9 damage, and have 83/113 hp.
You mangle the yak!!
You kill the yak!
Okawaru accepts your kill. The yak barely misses you.
You regained 2 hp, and now have 85/113 hp.
You barely miss the yak. You mangle the yak!! You claw the yak!
The yak is almost dead.
The yak closely misses you. The yak completely misses you.
You regained 2 hp, and now have 88/113 hp.
You claw the yak!
You kill the yak!
Okawaru accepts your kill. The yak gores you but does no damage.
You regained 2 hp, and now have 90/113 hp.
You scratch the yak.
The yak is lightly wounded.
The yak gores you but does no damage.
You scratch the yak but do no damage.
The yak is lightly wounded.
The yak gores you.
You mangle the yak!!
The yak is almost dead.
The yak gores you but does no damage.
You mangle the yak!!
You kill the yak!
Okawaru accepts your kill.
Training target 9.0 for Fighting reached!
Your Fighting skill increases to level 9!
You need to enable at least one skill for training.
You regained 4 hp, and now have 97/115 hp.
You see here a yak corpse.
There is an open door, spattered with blood here.
There is an open door here.
You open the door.
Snorg the Insatiable comes into view.
Health restored: 115
Aiming: Mindburst
Press: ? - help, Shift-Dir - straight line, f - Snorg
Aim: Snorg (asleep, chance to affect: 29%)
Okay, then.
Unknown command.
Really read the scroll of vulnerability?
As you read the scroll of vulnerability, it crumbles to dust.
Snorg shouts!
Magic quickly surges around you.
Aiming: Mindburst
Press: ? - help, Shift-Dir - straight line, f - Snorg
Aim: Snorg (weak-willed, chance to affect: 55%) Snorg resists with significant effort.
Snorg beckons gently.
Aiming: Mindburst
Press: ? - help, Shift-Dir - straight line, f/p - Snorg
Aim: Snorg (weak-willed, chance to affect: 55%) Snorg's mind is blasted!!
Aiming: Mindburst
Press: ? - help, Shift-Dir - straight line, f/p - Snorg
Aim: Snorg (moderately wounded, weak-willed, chance to affect: 55%) Snorg's mind is blasted!!
Snorg goes berserk!
You can now deal lightning-fast blows.
Snorg bites you! Snorg claws you. Snorg completely misses you. Snorg bites you!
Snorg claws you. Snorg claws you!
You take 42 damage, and have 73/115 hp.
MASSIVE DAMAGE!!
You now have 20/25 mp.
You gain the combat prowess of a mighty hero.
Snorg bites you! Snorg misses you. Snorg claws you but does no damage.
You take 8 damage, and have 65/115 hp.
You now have 18/25 mp.
You mangle Snorg!!
Snorg is heavily wounded.
Snorg bites you!! Snorg barely misses you. Snorg claws you but does no damage.
You take 24 damage, and have 41/115 hp.
MASSIVE DAMAGE!!
You barely miss Snorg.
Snorg is heavily wounded.
Snorg bites you!!
* * * LOW HITPOINT WARNING * * *
Snorg claws you!
* * * LOW HITPOINT WARNING * * *
Snorg claws you but does no damage.
You take 28 damage, and have 13/115 hp.
MASSIVE DAMAGE!!
Okay, then.
Unknown command.
Okay, then.
Unknown command.
You feel much better. Snorg bites you!
* * * LOW HITPOINT WARNING * * *
Snorg claws you!
You die...

............#.≈≈##≈≈.######......
##........#.#.≈####≈....##8..÷...
............#.≈####≈.##..'.....[.
..#+#########.≈≈##≈≈....##8......
..#..# #.....≈≈≈≈≈≈..#.###......
..'..# #.............#.# ##8....
..#..# #......#.###....# ##....
..##########.###........# ##8.8
...........#.#..@####...# ##+#
....##.....#<#...T..#.#.#
....##.....#.+.#.#..#.#.# .#
.........(.#'#...#..#...# #. .#
.................# .......#.# .#
...########......# ≈≈≈≈≈≈.#.# .#
...########......#.≈≈##≈≈.#.# .#
.................+.≈## #≈.#.# .#
##'##.........####.≈####≈.#.##.#


You could see Snorg (berserk, weak-willed).

Vanquished Creatures
  3 two-headed ogres
  A boulder beetle (D:11)
  3 cyclopes
  2 manticores (D:11)
  A kobold demonologist (D:11)
  An unseen horror (D:11)
  A gargoyle (D:10)
  A hornet (D:9)
  A water elemental (D:11)
  A vampire (D:10)
  A shadow (D:6)
  2 wraiths
  2 wyverns
  12 yaks
  Eustachio (D:5)
  2 steam dragons
  2 acid dragons
  2 water moccasins (D:9)
  Duvessa (D:5)
  2 ice beasts (D:6)
  3 orc warriors
  A sky beast (D:8)
  A black bear (D:7)
  4 centaurs
  3 ogres
  A phantom (D:5)
  2 kobold brigands
  Blork the orc (D:5)
  2 bullfrogs
  2 gnoll sergeants
  3 scorpions
  8 wights
  Dowan (D:5)
  7 killer bees
  6 electric eels
  3 hounds
  5 jellies
  3 orc priests
  Terence (D:2)
  2 iguanas
  12 orc wizards
  15 gnolls
  9 adders
  2 shadow imps
  2 ufetubi
  A worm (D:5)
  3 dart slugs
  29 orcs
  7 ball pythons
  8 endoplasms
  2 giant cockroaches
  6 goblins
  7 hobgoblins
  13 kobolds
  3 quokkas
  5 frilled lizards
  3 rats
228 creatures vanquished.

Vanquished Creatures (others)
  An orc wizard (D:6)
  A quokka (D:5)
  11 fungi (D:6)
  16 plants
29 creatures vanquished.

Grand Total: 257 creatures vanquished

Notes
Turn   | Place    | Note
-------+----------+-------------------------------------------
     0 | D:1      | steven32 the Troll Monk began the quest for the Orb.
     0 | D:1      | Reached XP level 1. HP: 22/22 MP: 0/0
   246 | D:1      | Reached XP level 2. HP: 26/29 MP: 1/1
   398 | D:1      | You fall into a shaft and drop 1 floor!
   845 | D:2      | Reached XP level 3. HP: 37/37 MP: 2/2
  1189 | D:2      | Noticed Terence
  1205 | D:2      | Killed Terence
  1432 | D:2      | Reached skill level 4 in Unarmed Combat
  1443 | D:2      | Reached XP level 4. HP: 45/45 MP: 3/3
  1913 | D:3      | Reached XP level 5. HP: 32/54 MP: 4/4
  2726 | D:4      | Reached skill level 5 in Unarmed Combat
  2974 | D:4      | Reached XP level 6. HP: 61/63 MP: 5/5
  3159 | D:4      | Found a broken altar of Ashenzari.
  3536 | D:5      | Entered Level 5 of the Dungeon
  3621 | D:5      | Noticed Blork the orc
  3693 | D:5      | Killed Blork the orc
  3694 | D:5      | Reached skill level 5 in Fighting
  3694 | D:5      | Reached skill level 6 in Unarmed Combat
  3694 | D:5      | Reached XP level 7. HP: 42/72 MP: 6/6
  3834 | D:5      | Noticed Eustachio
  3847 | D:5      | Killed Eustachio
  3850 | D:5      | Found a white marble altar of Elyvilon.
  3983 | D:5      | Noticed Duvessa
  3983 | D:5      | Noticed Dowan
  4116 | D:5      | Noticed a wyvern
  4192 | D:6      | Found an opulent altar of Gozag.
  4254 | D:6      | Found a sacrificial altar of Ru.
  4309 | D:6      | Found a large runed translucent door.
  4309 | D:6      | Found a large runed translucent door.
  4322 | D:6      | Found the +9 sword of Power {lifebolt}
  4323 | D:6      | Noticed a wraith
  4331 | D:6      | Found a large runed translucent door.
  4331 | D:6      | Found a large runed translucent door.
  5029 | D:5      | Reached skill level 7 in Unarmed Combat
  5250 | D:6      | Reached XP level 8. HP: 81/83 MP: 7/7
  5666 | D:6      | Reached skill level 8 in Unarmed Combat
  5985 | D:6      | Found an ancient bone altar of Kikubaaqudgha.
  5994 | D:6      | Found a shimmering blue altar of Sif Muna.
  6402 | D:7      | Reached XP level 9. HP: 93/93 MP: 8/8
  6667 | D:5      | Reached skill level 9 in Unarmed Combat
  7139 | D:6      | Reached skill level 10 in Unarmed Combat
  7417 | D:7      | Found a bloodstained altar of Trog.
  7561 | D:7      | Found a hide-covered altar of Uskayaw.
  7709 | D:7      | Found a sparkling altar of Nemelex Xobeh.
  7729 | D:7      | Found a hazy altar of Hepliaklqana.
  7731 | D:7      | Found a glowing silver altar of Zin.
  7732 | D:7      | Found a blossoming altar of Fedhas.
  7806 | D:7      | Found a staircase to the Ecumenical Temple.
  7816 | Temple   | Entered the Ecumenical Temple
  7835 | Temple   | Became a worshipper of Warmaster Okawaru
  7835 | Temple   | Reached * piety under Okawaru
  7835 | Temple   | Reached ** piety under Okawaru
  7906 | D:8      | Reached skill level 1 in Invocations
  8424 | D:8      | Noticed a cyclops
  8483 | D:8      | Killed a cyclops
  8484 | D:8      | Reached XP level 10. HP: 73/104 MP: 10/12
  8560 | D:8      | Reached *** piety under Okawaru
  8927 | D:8      | Reached skill level 5 in Invocations
  9363 | D:9      | Noticed a two-headed ogre
  9589 | D:5      | Killed Duvessa
  9604 | D:5      | Killed Dowan
  9692 | D:6      | Reached skill level 1 in Throwing
  9692 | D:6      | Reached **** piety under Okawaru
  9807 | D:9      | Killed a two-headed ogre
  9833 | D:9      | Noticed an obsidian statue
  9850 | D:9      | Found a runed translucent gate.
  9850 | D:9      | Found a runed translucent gate.
  9852 | D:9      | Found a runed translucent gate.
  9866 | D:9      | Found a staircase to the Lair.
  9894 | D:9      | Noticed tchen's ghost (novice DjAE)
 10030 | D:9      | Found a glowing golden altar of the Shining One.
 10121 | D:9      | Noticed an ice statue
 10702 | D:10     | Entered Level 10 of the Dungeon
 10714 | D:10     | Noticed a two-headed ogre
 10760 | D:10     | Killed a two-headed ogre
 10760 | D:10     | Reached ***** piety under Okawaru
 10760 | D:10     | Identified the scarf of the Blessed Realm {+Inv, Drain
                  | Regen+ MP+9 Stlth+} (Okawaru gifted it to you on level 10
                  | of the Dungeon)
 10760 | D:10     | Received a gift from Okawaru
 10824 | D:10     | Found a runed translucent door.
 10904 | D:10     | Found a shadowy altar of Dithmenos.
 11171 | D:10     | Reached XP level 11. HP: 111/111 MP: 16/16
 11368 | D:10     | Reached skill level 5 in Throwing
 11441 | D:10     | Noticed a two-headed ogre
 11448 | D:10     | Killed a two-headed ogre
 11621 | D:10     | Noticed a six-headed hydra
 12526 | D:11     | Noticed a boulder beetle
 12534 | D:11     | Killed a boulder beetle
 12534 | D:11     | Received a gift from Okawaru
 12776 | D:11     | Noticed Snorg
 12785 | D:11     | Slain by Snorg

Illustrated notes

Levels and vault maps discovered:
D:1:      dpeg_arrival_tiny_f, layout_basic
D:2:      layout_basic, uniq_terence
D:3:      layout_loops_ring, grunt_ministairs_7
D:4:      layout_loops_ring, cheibrodos_ashenzari_chains, grunt_ministairs_5,
          kennysheep_path_1
D:5:      wad_crossroads, layout_basic, elyvilon_altar_4,
          kennysheep_generic_room_11, uniq_eustachio, uniq_blork_the_orc,
          uniq_duvessa
D:6:      layout_basic, nicolae_gozag_cash_rules_everything_around_me,
          kennysheep_mini, mainiacjoe_overflow_swirl, serial_aquarium,
          aquarium_bridge_square [aquarium_subvault_wall,
          aquarium_subvault_window, aquarium_subvault_bridge,
          aquarium_subvault_bridge], aquarium_bridge_square
          [aquarium_subvault_bridge, aquarium_subvault_bridge,
          aquarium_subvault_wall, aquarium_subvault_window],
          aquarium_window_fake, aquarium_window_fake, aquarium_window_fake,
          aquarium_window_2, aquarium_view_2d, aquarium_balcony_1b,
          minmay_hollow_rounded_squares
D:7:      layout_rooms, nemelex_dance_club_becter, mainiacjoe_overflow_alcove_3,
          lightli_temple_of_fire, minmay_temple_entry_poolview
D:8:      wad_lake_hut, layout_basic
D:9:      minmay_separated_statues, layout_loops_ring, tso_oasis_becter,
          dpeg_oklobed_lair, gammafunk_ghost_icy, billiards_dpeg
D:10:     layout_irregular_city, mainiacjoe_overflow_chevrons, wad_hexagon
D:11:     nicolae_moon_pools, layout_stronghold, nicolae_water_bricks,
          dk_noncrumbling_4, kennysheep_generic_room_13, uniq_snorg
Temple:   hellmonk_temple_two_chambers

Skill      XL: |  1  2  3  4  5  6  7  8  9 10 11 |
---------------+----------------------------------+-----
Fighting       | 3 4 5 6 7 8 9 |  9.0
Unarmed Combat | 4 5 6 7 8 10 | 10.7
Invocations    | 4 8 |  8.0
Throwing       | 4 8 |  8.0
Dodging        | |  2.4

Action                     |  1- 3 |  4- 6 |  7- 9 | 10-12 || total
---------------------------+-------+-------+-------+-------++-------
  Melee: Unarmed           |    55 |   138 |   188 |   201 ||   582
         Punch             |       |     3 |     7 |    14 ||    24
  Throw: Stone             |       |       |    12 |    17 ||    29
 Invoke: Heroism           |       |       |       |     2 ||     2
         Finesse           |       |       |       |     1 ||     1
  Evoke: Wand              |       |     3 |     2 |     4 ||     9
         Tin of tremorston |       |       |     2 |       ||     2
    Use: Scroll            |       |     3 |       |     7 ||    10
         Potion            |       |       |     2 |     1 ||     3
   Stab: Sleeping          |       |     2 |     2 |     4 ||     8
 Armour: Robe              |     8 |    36 |    33 |    74 ||   151
  Dodge: Dodged            |    22 |    41 |    96 |    60 ||   219
